 Dungeon Crawl Stone Soup version 0.29.1-13-g9f3cf754e1 (webtiles) character file.

Game seed: 8489445774039626998

15957 Peloso the Carver (level 12, -12/110 HPs)
             Began as a Minotaur Fighter on Jan 22, 2023.
             Was a High Priest of Okawaru.
             Mangled by a death yak (16 damage)
             ... on level 1 of the Lair of Beasts.
             The game lasted 00:24:25 (13506 turns).

Peloso the Carver (Minotaur Fighter)               Turns: 13506, Time: 00:24:25

Health: -12/110    AC: 19    Str: 24    XL:     12   Next: 5%
Magic:  12/12      EV:  8    Int:  5    God:    Okawaru [*****.]
Gold:   578        SH:  6    Dex: 12    Spells: 11/11 levels left

rFire   + . .      SeeInvis .   a - +1 falchion (protect)
rCold   . . .      Faith    .   d - +0 buckler
rNeg    . . .      Spirit   .   C - +0 plate armour
rPois   +          Reflect  .   (helmet restricted)
rElec   .          Harm     .   m - +2 cloak
rCorr   .          Rampage  .   (no gloves)
Will    .....                   (no boots)
Stlth   ..........              G - amulet of regeneration
HPRegen 1.08/turn               e - ring of protection from fire
MPRegen 0.13/turn               O - ring of poison resistance

@: about to teleport
A: horns 2, retaliatory headbutt
a: Renounce Religion, Heroism, Finesse, Duel


You were on level 1 of the Lair of Beasts.
You worshipped Okawaru.
Okawaru was extremely pleased with you.
You visited 3 branches of the dungeon, and saw 13 of its levels.

You collected 698 gold pieces.
You spent 120 gold pieces at shops.

Inventory:

Hand Weapons
 a - a +1 falchion of protection (weapon)
Missiles
 q - 2 throwing nets (quivered)
Armour
 b - a +0 scale mail
 c - a scarf of invisibility
 d - a +0 buckler (worn)
 m - a +2 cloak (worn)
 C - a +0 plate armour (worn)
Jewellery
 e - a ring of protection from fire (left hand)
 k - an amulet of guardian spirit
 s - a ring of fire
 w - a ring of ice
 z - an amulet of faith
 E - a ring of magical power
 G - an amulet of regeneration (around neck)
 H - a ring of positive energy
 O - a ring of poison resistance (right hand)
 S - an amulet of the acrobat
Wands
 o - a wand of light (9)
 y - a wand of polymorph (13)
 I - a wand of paralysis (4)
 K - a wand of flame (16)
Scrolls
 j - a scroll of blinking {unknown}
 l - 2 scrolls of poison
 n - 2 scrolls of acquirement
 p - 3 scrolls of teleportation
 r - 4 scrolls of magic mapping
 t - a scroll of brand weapon {unknown}
 x - 2 scrolls of enchant armour {unknown}
 J - 2 scrolls of noise {unknown}
 M - a scroll of summoning {unknown}
 N - a scroll of identify
 R - a scroll of fear {unknown}
Potions
 f - 6 potions of invisibility
 g - 2 potions of haste
 h - 8 potions of curing
 i - a potion of berserk rage
 u - a potion of cancellation {unknown}
 v - 3 potions of might
 A - 4 potions of mutation {unknown}
 B - a potion of resistance {unknown}
 D - 5 potions of heal wounds {unknown}
 F - 2 potions of brilliance {unknown}
 L - 5 potions of attraction {unknown}
 P - a potion of flight {unknown}
 Q - 3 potions of ambrosia {unknown}


   Skills:
 + Level 11.0 Fighting
 + Level 13.4 Long Blades
 + Level 12.6 Armour
 + Level 3.8 Dodging
 + Level 4.1 Stealth
 + Level 9.1 Shields
 + Level 1.3 Invocations
 + Level 1.6 Evocations


You had 11 spell levels left.
You didn't know any spells.
Your spell library contained the following spells:

 Spells                   Type           Power      Damage    Failure   Level
 Foxfire                  Conj/Fire      0%         2x1d4     99%         1
 Sublimation of Blood     Necr           0%         N/A       100%        2
 Wereblood                Tmut           0%         N/A       100%        2
 Conjure Flame            Conj/Fire      0%         6-21      100%        3
 Inner Flame              Hex/Fire       0%         N/A       100%        3
 Flame Wave               Conj/Fire      0%         2d4       100%        4
 Leda's Liquefaction      Hex/Erth       0%         N/A       100%        4
 Iskenderun's Battlesphe  Conj           0%         2d6       100%        5
 Lee's Rapid Deconstruct  Erth           0%         3d5*      100%        5
 Dispersal                Tloc           0%         N/A       100%        6
 Iron Shot                Conj/Erth      0%         9d1       100%        6
 Statue Form              Tmut/Erth      0%         N/A       100%        6
 Disjunction              Tloc           0%         N/A       100%        8
 Spellforged Servitor     Conj/Summ      Unusable   N/A       N/A         7
 Summon Hydra             Summ           Unusable   N/A       N/A         7

Dungeon Overview and Level Annotations

Branches:
Dungeon (11/15)            Temple (1/1) D:6            Lair (1/5) D:11
    Orc (0/2) D:10

Altars:
Ashenzari
Dithmenos
Elyvilon
Fedhas
Gozag
Hepliaklqana
Kikubaaqudgha
Nemelex Xobeh
Okawaru
Ru
Sif Muna
Trog
Wu Jian
Yredelemnul
Zin

Shops:
D:6 (   D:10 ?

Annotations:
Lair:1 exclusion: oklob plant


Innate Abilities, Weirdness & Mutations

You have a pair of horns on your head.
You reflexively headbutt those who attack you in melee.


Message History

You block the death yak's attack.
You hit the death yak but do no damage.
The death yak is severely wounded.
You hit the death yak. You headbutt the death yak.
The death yak is almost dead.
You block the death yak's attack. The death yak misses you.
You barely miss the death yak.
The death yak is almost dead.
The death yak bellows!
You hit the death yak but do no damage.
The death yak is almost dead.
The death yak gores you. The death yak closely misses you.
You hit the death yak. You headbutt the death yak!
You kill the death yak!
Okawaru accepts your kill.
The death yak gores you but does no damage.
Your base Fighting skill increases to level 11!
You block the death yak's attack. The death yak gores you!
The death yak attacks as you move away! The death yak closely misses you.
You feel like a meek peon again. The death yak attacks as you move away!
The death yak gores you. The death yak attacks as you move away!
The death yak gores you but does no damage.
The death yak attacks as you move away! You block the death yak's attack.
The death yak attacks as you move away! The death yak gores you!!
The death yak attacks as you move away! The death yak gores you!
The death yak attacks as you move away! The death yak gores you.
* * * LOW HITPOINT WARNING * * *
The death yak attacks as you move away! The death yak gores you!!
* * * LOW HITPOINT WARNING * * *
The death yak attacks as you move away! The death yak gores you!
* * * LOW HITPOINT WARNING * * *
Okay, then.
As you read the scroll of teleportation, it crumbles to dust.
You feel strangely unstable. The death yak gores you.
* * * LOW HITPOINT WARNING * * *
The death yak barely misses you.
Unknown command.
The death yak attacks as you move away! The death yak gores you!
You die...

#.####...............†.
##.##...................
###.##..................##
##..#.##...............###
#...##.................#
##..###P....................
#...# ##...................P
##..## #P......)...........?P
#...####....@.#.............P
#...#......YY.....#..........
#..###......Y.....##.........
##..##............#.#.........
#...##............##..........
#...###...........##...##.....
##.####......Y...##...###.....
##...##............#P..# #.....
#...###..........>###.#####....


You could see 4 death yaks.

Vanquished Creatures
  A boulder beetle (D:11)
  4 two-headed ogres
  A death yak (Lair:1)
  4 cane toads (Lair:1)
  2 trolls
  Grinder (D:5)
  Prince Ribbit (D:5)
  3 blink frogs (Lair:1)
  A shadow (D:9)
  A wraith (D:11)
  3 wyverns
  20 yaks
  Eustachio (D:6)
  2 basilisks (D:11)
  Menkaure (D:7)
  2 acid dragons (D:10)
  4 water moccasins
  2 sky beasts
  2 ice beasts (D:6)
  4 orc warriors
  2 black bears (D:11)
  An ogre (D:6)
  11 centaurs
  A phantom (D:4)
  8 wolves
  2 kobold brigands
  5 bullfrogs
  2 scorpions
  3 necrophages
  4 wights (D:9)
  12 killer bees
  3 howler monkeys (D:9)
  A hound (D:5)
  5 orc priests
  Crazy Yiuf (D:7)
  A gnoll bouda (D:7)
  4 iguanas
  Ijyb (D:3)
  15 orc wizards
  12 gnolls
  2 adders
  4 white imps
  An ufetubus (D:6)
  2 worms
  3 dart slugs
  33 orcs
  8 ball pythons
  4 bats
  6 endoplasms
  2 giant cockroaches
  5 goblins
  4 hobgoblins
  4 quokkas
  2 frilled lizards (D:3)
  20 kobolds
  5 rats
259 creatures vanquished.

Vanquished Creatures (others)
  3 fungi
  6 plants
9 creatures vanquished.

Grand Total: 268 creatures vanquished

Notes
Turn   | Place    | Note
-------+----------+-------------------------------------------
     0 | D:1      | Peloso the Minotaur Fighter began the quest for the Orb.
     0 | D:1      | Reached XP level 1. HP: 19/19 MP: 0/0
   100 | D:1      | Reached XP level 2. HP: 11/27 MP: 1/1
   370 | D:1      | Reached skill level 3 in Long Blades
   617 | D:1      | Reached XP level 3. HP: 29/33 MP: 2/2
   853 | D:2      | You fall into a shaft and drop 2 floors!
   864 | D:4      | Noticed a phantom
   876 | D:4      | Killed a phantom
   877 | D:4      | Reached skill level 4 in Long Blades
   877 | D:4      | Reached skill level 1 in Dodging
   877 | D:4      | Reached XP level 4. HP: 29/40 MP: 3/3
   896 | D:4      | Reached XP level 5. HP: 25/46 MP: 4/4
  1140 | D:4      | Found an opulent altar of Gozag.
  1147 | D:4      | Found a broken altar of Ashenzari.
  1219 | D:3      | Reached skill level 5 in Long Blades
  1231 | D:3      | Found an ancient bone altar of Kikubaaqudgha.
  1241 | D:3      | Noticed Ijyb
  1248 | D:3      | Killed Ijyb
  1535 | D:3      | Reached XP level 6. HP: 34/53 MP: 5/5
  1967 | D:2      | Reached skill level 5 in Armour
  2286 | D:2      | Found a faded altar of an unknown god.
  3322 | D:5      | Entered Level 5 of the Dungeon
  3465 | D:5      | Noticed Grinder
  3465 | D:5      | Paralysed by Grinder for 3 turns
  3475 | D:5      | Killed Grinder
  3476 | D:5      | Reached skill level 5 in Fighting
  3476 | D:5      | Reached skill level 6 in Long Blades
  3476 | D:5      | Reached XP level 7. HP: 44/61 MP: 6/6
  3581 | D:5      | Identified the +3 lajatang "Fish" {speed, rPois Will+++
                  | Dex-3 SInv}
  4052 | D:5      | Reached skill level 7 in Long Blades
  4106 | D:5      | Noticed Prince Ribbit
  4126 | D:5      | Killed Prince Ribbit
  4127 | D:5      | Reached XP level 8. HP: 17/68 MP: 7/7
  4563 | D:5      | Identified 2 scrolls of acquirement
  4855 | D:6      | Found a staircase to the Ecumenical Temple.
  4890 | D:6      | Reached skill level 5 in Shields
  5018 | D:6      | Noticed Eustachio
  5316 | D:6      | Killed Eustachio
  5317 | D:6      | Reached skill level 8 in Long Blades
  5555 | D:6      | Found a basalt altar of Yredelemnul.
  6024 | D:6      | Found Jesin's Weapon Emporium.
  6265 | Temple   | Entered the Ecumenical Temple
  6274 | Temple   | Became a worshipper of Warmaster Okawaru
  6375 | D:7      | Reached XP level 9. HP: 76/78 MP: 8/8
  6405 | D:7      | Reached skill level 9 in Long Blades
  6567 | D:7      | Found a white marble altar of Elyvilon.
  6816 | D:7      | Noticed Menkaure
  6822 | D:7      | Killed Menkaure
  7163 | D:7      | Found a bloodstained altar of Trog.
  7188 | D:7      | Found a runed translucent door.
  7189 | D:7      | Noticed Crazy Yiuf
  7565 | D:7      | Killed Crazy Yiuf
  7601 | D:8      | Found a sparkling altar of Nemelex Xobeh.
  7667 | D:8      | Reached * piety under Okawaru
  7922 | D:8      | Found a blossoming altar of Fedhas.
  7942 | D:8      | Reached skill level 10 in Long Blades
  8557 | D:9      | Noticed a two-headed ogre
  8572 | D:9      | Killed a two-headed ogre
  8572 | D:9      | Reached ** piety under Okawaru
  8573 | D:9      | Reached XP level 10. HP: 88/88 MP: 9/9
  8708 | D:9      | Noticed a two-headed ogre
  8723 | D:9      | Killed a two-headed ogre
  8724 | D:9      | Reached skill level 10 in Armour
  8996 | D:9      | Reached skill level 11 in Long Blades
  9036 | D:9      | Reached skill level 1 in Evocations
  9626 | D:9      | Found a shadowy altar of Dithmenos.
  9688 | D:10     | Entered Level 10 of the Dungeon
  9761 | D:10     | Found a glowing silver altar of Zin.
  9761 | D:10     | Noticed an angel
 10137 | D:10     | Reached *** piety under Okawaru
 10162 | D:10     | Reached skill level 12 in Long Blades
 10482 | D:10     | Found an ornate altar of the Wu Jian Council.
 10591 | D:10     | Found Odong's Magic Scroll Shoppe.
 10599 | D:10     | Bought a scroll of magic mapping for 120 gold pieces
 10625 | D:10     | Noticed a two-headed ogre
 10635 | D:10     | Killed a two-headed ogre
 10636 | D:10     | Reached XP level 11. HP: 54/97 MP: 7/10
 11002 | D:10     | Found a staircase to the Orcish Mines.
 11189 | D:11     | Noticed a two-headed ogre
 11267 | D:10     | Reached skill level 1 in Invocations
 11276 | D:10     | Killed a two-headed ogre
 11276 | D:10     | Reached **** piety under Okawaru
 11560 | D:11     | Found a staircase to the Lair.
 11814 | D:11     | Noticed a boulder beetle
 11872 | D:11     | Killed a boulder beetle
 11872 | D:11     | Received a gift from Okawaru
 11873 | D:11     | Reached skill level 13 in Long Blades
 11939 | D:11     | Identified the +2 robe of Sif Muna's Reproof {rF++}
 12276 | D:11     | Noticed a skeletal warrior
 12279 | D:11     | Noticed a skeletal warrior
 12279 | D:11     | Noticed a skeletal warrior
 12294 | D:11     | Noticed a skeletal warrior
 12294 | D:11     | Noticed a skeletal warrior
 12412 | D:11     | Reached skill level 10 in Fighting
 12416 | Lair:1   | Entered Level 1 of the Lair of Beasts
 12711 | Lair:1   | Reached ***** piety under Okawaru
 12745 | Lair:1   | Noticed an oklob plant
 13277 | Lair:1   | Noticed a death yak
 13279 | Lair:1   | Noticed a death yak
 13279 | Lair:1   | Noticed a death yak
 13281 | Lair:1   | Noticed a death yak
 13294 | Lair:1   | Noticed a death yak
 13302 | Lair:1   | Reached XP level 12. HP: 85/108 MP: 9/12
 13490 | Lair:1   | Killed a death yak
 13504 | Lair:1   | HP: 5/110 [death yak (9)]
 13506 | Lair:1   | Mangled by a death yak

Illustrated notes

Levels and vault maps discovered:
D:1:      eino_arrival_water_cross, layout_basic, minivault_14
D:2:      layout_basic, ebering_ecumenical_altar_sacrificial
D:3:      layout_basic, nicolae_kikubaaqudgha_miasma_corner, st_stairs_13,
          uniq_ijyb
D:4:      layout_loops_ring, mainiacjoe_overflow_large_starburst,
          serial_bayou_pond_d
D:5:      layout_loops_corners, uniq_grinder, uniq_prince_ribbit1
D:6:      layout_basic, yredelemnul_altar_generic,
          minmay_temple_entry_water_ring, serial_shops, nicolae_shop_crystal,
          serial_bayou_pond_d, item_on_display_b, uniq_eustachio
D:7:      layout_gridville, kennysheep_mini_moat, general_overflow_altar,
          hangedman_decor_push, uniq_menkaure, uniq_crazy_yiuf_cottage
D:8:      layout_basic, fedhas_altar_2, mainiacjoe_overflow_brackets
D:9:      layout_basic, grunt_dithmenos_smoke_and_mirrors, grunt_ministairs_15
D:10:     layout_stronghold, zin_angel, nicolae_wu_jian_wuxing_cycle,
          orc_0_dummy, serial_shops, shop
D:11:     layout_irregular_city, minmay_lair_entry_grove, minmay_misc_feat_doors
Temple:   hellmonk_temple_of_storms
Lair:1:   layout_hall_layers, minmay_lair_oklob_bushes

Skill      XL: |  1  2  3  4  5  6  7  8  9 10 11 12 |
---------------+-------------------------------------+-----
Long Blades    | 3 4 5 6 7 8 10 12 13 | 13.4
Armour         | 4 5 6 8 9 10 12 | 12.6
Fighting       | 4 5 6 8 9 10 11 | 11.0
Shields        | 4 5 6 7 9 |  9.1
Dodging        | 1 2 3 |  3.8
Stealth        | 2 3 4 |  4.1
Evocations     | 1 |  1.6
Invocations    | 1 |  1.3

Action                   |  1- 3 |  4- 6 |  7- 9 | 10-12 || total
-------------------------+-------+-------+-------+-------++-------
Melee: Long sword        |    61 |       |       |       ||    61
       Headbutt          |     9 |    18 |    74 |   182 ||   283
       Falchion          |       |   114 |   435 |   716 ||  1265
Invok: Heroism           |       |       |       |    18 ||    18
Evoke: Wand              |       |       |     5 |     1 ||     6
  Use: Potion            |     1 |       |       |     1 ||     2
       Scroll            |       |       |     6 |     5 ||    11
 Stab: Paralysed         |       |       |     9 |     4 ||    13
Armor: Scale mail        |    40 |    33 |    26 |       ||    99
       Chain mail        |       |       |    26 |       ||    26
       Plate armour      |       |       |   196 |   603 ||   799
Dodge: Dodged            |    36 |    47 |   112 |   288 ||   483
Block: Buckler           |    14 |    22 |    69 |   274 ||   379
